 Dungeon Crawl Stone Soup version 0.21.1-1-g345015f (webtiles) character file.

11702 Harpaggios the Protected (level 11, -1/135 HPs)
             Began as a Barachi Fighter on July 4, 2018.
             Was a High Priest of Cheibriados.
             Slain by a minotaur
             ... wielding the +9 lajatang of Insufficient Pleasure {distort, +Blink rC+ MR+}
              (21 damage)
             ... in a labyrinth on July 13, 2018.
             The game lasted 01:55:55 (13990 turns).

Harpaggios the Protected (Barachi Fighter)         Turns: 13990, Time: 01:55:56

Health: -1/135     AC: 25    Str: 36    XL:     11   Next: 81%
Magic:  15/15      EV:  2    Int: 21    God:    Cheibriados [*****.]
Gold:   460        SH: 16    Dex: 26    Spells: 16/16 levels left

rFire    . . .     SeeInvis .   a - +4 falchion
rCold    . . .     Gourm    .   e - +3 shield
rNeg     + + +     Faith    .   (armour currently unavailable)
rPois    +         Spirit   .   (helmet currently unavailable)
rElec    .         Reflect  .   (cloak currently unavailable)
rCorr    .         Harm     .   (gloves currently unavailable)
MR       .....     NoTele   +   (boots currently unavailable)
Stlth    ++........             n - amulet of magic regeneration
HPRegen  0.32/turn              D - ring of poison resistance
MPRegen  0.39/turn              J - +3 ring of strength

@: tree-form, very heavily drained, very slow
A: +LOS, swims
a: Bend Time, Temporal Distortion, Slouch, Step From Time, Renounce Religion


You were in a labyrinth.
You worshipped Cheibriados.
Cheibriados was extremely pleased with you.
You were not hungry.
You were a tree.
You visited 2 branches of the dungeon, and saw 12 of its levels.
You also visited: Labyrinth, Sewer and Ossuary.

You collected 661 gold pieces.
You spent 201 gold pieces at shops.

Inventory:

Hand Weapons
 a - a +4 falchion (weapon)
 K - a +2 long sword of holy wrath
Armour
 e - a +3 shield (worn)
 j - a scarf of spirit shield (melded)
 l - a +3 plate armour (melded)
 I - a +0 helmet (melded)
Jewellery
 n - an amulet of magic regeneration (around neck)
 p - an uncursed ring of flight
 q - an uncursed amulet of rage
 u - a +4 ring of slaying
 D - a ring of poison resistance (left branch)
 F - an uncursed ring of ice
 J - a +3 ring of strength (right branch)
Wands
 h - a wand of polymorph (32)
 y - a wand of paralysis (18)
Scrolls
 c - 4 scrolls of remove curse
 i - a scroll of magic mapping
 k - 3 scrolls of enchant weapon
 s - 4 scrolls of fog
 w - 2 scrolls of teleportation
 A - 2 scrolls of silence
 B - 2 scrolls of amnesia
 C - 2 scrolls of enchant armour
 E - 2 scrolls of fear
Potions
 b - 10 potions of curing
 g - a potion of heal wounds
 r - 6 potions of flight
 t - a potion of brilliance
 v - 2 potions of lignification
 z - a potion of invisibility
Comestibles
 f - 9 rations


   Skills:
 + Level 9.8(4.9) Fighting
 + Level 9.5(4.7) Long Blades
 + Level 9.9(5.0) Armour
 + Level 8.8(4.0) Dodging
 + Level 9.0(4.2) Shields
 - Level 3.1(0.0) Spellcasting
 - Level 5.1(0.8) Invocations


You had 16 spell levels left.
You didn't know any spells.

Dungeon Overview and Level Annotations

Branches:
Dungeon (11/15)            Temple (0/1) D:5            Lair (1/6) D:8
    Orc: D:9-12

Altars:
Ashenzari
Cheibriados
Fedhas
Okawaru
Sif Muna
Trog
Vehumet
Wu Jian

Shops:
D:7 }   D:9 (


Innate Abilities, Weirdness & Mutations

Shadows flee at your approach. (+LOS)
You can swim through water.
((You cover ground slowly.))
((You can hop short distances.))


Message History

You block the minotaur's attack.
You feel much better.
You hit the minotaur.
The minotaur is almost dead.
The minotaur hits you with an encrusted lajatang {distort}!
* * * LOW HITPOINT WARNING * * *
Space bends around you.
* * * LOW HITPOINT WARNING * * *
The minotaur gores you but does no damage.
You hit the minotaur but do no damage.
The minotaur is almost dead.
The minotaur hits you with an encrusted lajatang {distort}!
* * * LOW HITPOINT WARNING * * *
The minotaur gores you.
* * * LOW HITPOINT WARNING * * *
You feel much better.
The minotaur hits you with an encrusted lajatang {distort}!
* * * LOW HITPOINT WARNING * * *
Space warps horribly around you!
You die...

...... ..
.# ▓ ###.
######
▓.#......
.... ▓.
####### #
▓...#
▓##.#
▓...#
▓.#.#
▓♣#.#
▓H## ▓.#
▓.# ▓..
▓.# ▓.#
▓.# ▓.<


You could see a minotaur.

Vanquished Creatures
  2 two-headed ogres
  Sonja (D:10)
  Psyche (D:9)
  2 centaur skeletons (D:10)
  4 hippogriffs
  4 yaks (D:11)
  2 wraiths (Ossuary)
  2 wyverns (D:8)
  A vampire (D:10)
  A basilisk (D:8)
  11 hungry ghosts
  Edmund (D:4)
  5 orc warriors
  A water moccasin (D:8)
  2 black bears
  A swamp drake (D:8)
  4 ice beasts
  4 eyes of draining
  2 phantoms
  5 ogres
  2 crocodiles
  2 centaurs (D:7)
  3 big kobolds
  6 bullfrogs
  3 scorpions
  7 wights
  9 howler monkeys
  2 bullfrog zombies
  6 crimson imps
  A quasit (D:8)
  A bullfrog skeleton (D:6)
  2 jellies
  6 orc priests
  Crazy Yiuf (D:2)
  4 hounds
  13 orc wizards
  2 iguanas
  7 worker ants
  A killer bee zombie (D:4)
  2 hound zombies
  2 hound skeletons
  10 adders
  11 gnolls
  3 river rats (D:5)
  A shadow imp (D:6)
  An ooze (D:4)
  An adder zombie (Ossuary)
  3 adder skeletons
  3 worms
  A dart slug (D:1)
  11 leopard geckos
  23 orcs
  A ball python (D:2)
  9 bats
  5 giant cockroaches
  14 goblins
  8 hobgoblins
  12 jackals
  19 kobolds
  6 quokkas
  A ball python skeleton (Ossuary)
  A frilled lizard (D:2)
  A hobgoblin skeleton (Ossuary)
  3 kobold zombies (Ossuary)
  A leopard gecko skeleton (D:5)
  2 orc skeletons (Ossuary)
  2 orc zombies (Ossuary)
  A quokka skeleton (D:9)
  15 rats
  A bush (D:1)
  A plant (D:1)
309 creatures vanquished.

Vanquished Creatures (others)
  A wyvern (D:8)
  A plant (Lair:1)
2 creatures vanquished.

Grand Total: 311 creatures vanquished

Notes
Turn   | Place    | Note
-------+----------+-------------------------------------------
     0 | D:1      | Harpaggios the Barachi Fighter began the quest for the Orb.
     0 | D:1      | Reached XP level 1. HP: 18/18 MP: 1/1
    41 | D:1      | Reached XP level 2. HP: 13/25 MP: 2/2
    43 | D:1      | Reached skill level 1 in Dodging
   402 | D:1      | Reached XP level 3. HP: 7/30 MP: 3/3
  1217 | D:2      | Reached XP level 4. HP: 30/37 MP: 4/4
  1805 | D:2      | Found a shattered altar of Ashenzari.
  1805 | D:2      | Found a snail-covered altar of Cheibriados.
  1808 | D:2      | Became a worshipper of Cheibriados the Contemplative
  2308 | D:2      | Found a runed door.
  2559 | D:2      | Noticed Crazy Yiuf
  2561 | D:2      | Killed Crazy Yiuf
  2561 | D:2      | Reached XP level 5. HP: 42/42 MP: 5/5
  2605 | D:3      | Found a faded altar of an unknown god.
  2614 | D:3      | Reached * piety under Cheibriados
  2750 | D:3      | Found an ornate altar of the Wu Jian Council.
  2882 | D:3      | Found a radiant altar of Vehumet.
  3219 | D:4      | Reached XP level 6. HP: 19/49 MP: 6/6
  3252 | D:4      | Noticed Edmund
  3270 | D:4      | Killed Edmund
  3472 | D:4      | Reached skill level 5 in Armour
  3478 | D:4      | Reached XP level 7. HP: 26/55 MP: 4/7
  3798 | D:4      | Reached skill level 5 in Fighting
  3918 | D:4      | Reached ** piety under Cheibriados
  4178 | D:3      | Reached skill level 1 in Invocations
  5155 | D:5      | Entered Level 5 of the Dungeon
  5194 | D:5      | Found a bloodstained altar of Trog.
  5198 | D:5      | Reached skill level 5 in Long Blades
  5198 | D:5      | Reached skill level 5 in Shields
  5198 | D:5      | Reached XP level 8. HP: 58/63 MP: 0/9
  5223 | D:5      | Reached skill level 5 in Dodging
  5290 | D:5      | Found a glowing drain.
  5303 | Sewer    | Entered a sewer
  5425 | Sewer    | Found a white marble altar of Elyvilon.
  5554 | D:5      | Found a sand-covered staircase.
  5569 | Ossuary  | Entered an ossuary
  5622 | Ossuary  | Reached *** piety under Cheibriados
  5677 | Ossuary  | Noticed a flying skull
  5677 | Ossuary  | Noticed a wraith
  5684 | Ossuary  | Noticed a flying skull
  5686 | Ossuary  | Noticed a flying skull
  5706 | Ossuary  | Noticed a flying skull
  5708 | Ossuary  | Noticed a flying skull
  5739 | Ossuary  | Noticed a wraith
  5754 | Ossuary  | Killed a wraith
  5777 | Ossuary  | Noticed a wraith
  5787 | Ossuary  | Killed a wraith
  5787 | Ossuary  | Reached skill level 1 in Spellcasting
  5896 | D:5      | Found a blossoming altar of Fedhas.
  5950 | D:5      | Found a staircase to the Ecumenical Temple.
  5975 | D:5      | Reached XP level 9. HP: 62/69 MP: 9/11
  6186 | D:5      | Found an iron altar of Okawaru.
  7346 | D:7      | Reached **** piety under Cheibriados
  7704 | D:7      | Found Fywirat's Gadget Emporium.
  7704 | D:7      | Found a snail-covered altar of Cheibriados.
  8247 | D:7      | Found a deep blue altar of Sif Muna.
  8550 | D:8      | Reached XP level 10. HP: 79/79 MP: 14/14
  9011 | D:8      | Found a staircase to the Lair.
  9208 | D:8      | Noticed a two-headed ogre
  9306 | D:8      | Killed a two-headed ogre
  9798 | D:9      | Noticed Psyche
  9803 | D:9      | Killed Psyche
 10041 | D:9      | Reached ***** piety under Cheibriados
 10041 | D:9      | Reached XP level 11. HP: 83/87 MP: 15/15
 10306 | D:9      | Found Ybunaf's Antique Weapon Shoppe.
 10315 | D:9      | Bought a runed long sword for 201 gold pieces
 10884 | D:10     | Entered Level 10 of the Dungeon
 11134 | D:10     | Noticed a two-headed ogre
 11139 | D:10     | Killed a two-headed ogre
 11278 | D:10     | Noticed Sonja
 11313 | D:10     | Killed Sonja
 12180 | D:11     | Reached skill level 5 in Invocations
 12545 | Lair:1   | Entered Level 1 of the Lair of Beasts
 12577 | Lair:1   | Found a labyrinth entrance.
 12582 | Lab      | Entered a labyrinth
 12850 | Lab      | Noticed a minotaur
 13990 | Lab      | Identified the +9 lajatang of Insufficient Pleasure {distort, +Blink rC+ MR+}
 13990 | Lab      | Slain by a minotaur

Skill      XL: |  1  2  3  4  5  6  7  8  9 10 11 |
---------------+----------------------------------+-----
Dodging        | 1 2 3 4 5 6 7 8 |  8.8
Armour         | 4 5 6 7 9 |  9.9
Long Blades    | 3 4 5 7 8 9 |  9.5
Fighting       | 4 5 6 7 8 9 |  9.8
Shields        | 4 5 6 8 9 |  9.0
Invocations    | 1 3 4 5 |  5.1
Spellcasting   | 1 3 |  3.1

Action                   |  1- 3 |  4- 6 |  7- 9 | 10-12 || total
-------------------------+-------+-------+-------+-------++-------
Melee: Long sword        |   219 |   176 |   462 |   437 ||  1294
       Falchion          |       |       |       |   195 ||   195
Invok: Bend Time         |       |       |     3 |     2 ||     5
       Slouch            |       |       |     1 |       ||     1
 Abil: Hop               |     1 |     2 |     3 |     6 ||    12
Evoke: Wand              |       |     2 |       |    16 ||    18
  Use: Scroll            |       |    11 |     7 |     9 ||    27
       Potion            |       |     6 |     4 |     9 ||    19
 Stab: Paralysed         |       |       |       |    12 ||    12
  Eat: Chunk             |     2 |     7 |    10 |    10 ||    29
       Ration            |       |       |       |    10 ||    10
Armor: Scale mail        |    63 |    53 |    10 |       ||   126
       Plate armour      |       |       |   145 |   312 ||   457
       Skin              |       |       |       |     7 ||     7
Dodge: Dodged            |    49 |    53 |   110 |   179 ||   391
Block: Shield            |    77 |    97 |   316 |   506 ||   996
       Rpst.: Long sword |    13 |    17 |    34 |    32 ||    96
       Falchion          |       |       |       |    10 ||    10
